 Dungeon Crawl Stone Soup version 0.31-a0-40-g1d5085d191 (webtiles) character file.

Game seed: 5678746332375338222

2780 pk666 the Thaumaturge (level 9, -1/45 HPs)
             Began as a Deep Elf Fire Elementalist on May 18, 2023.
             Was a Believer of Vehumet.
             Slain by a mana viper (17 damage)
             ... on level 3 of the Abyss.
             The game lasted 00:14:03 (9025 turns).

pk666 the Thaumaturge (Deep Elf Fire Elementalist)  Turns: 9025, Time: 00:14:04

Health: -1/45      AC:  3    Str:  5      XL:     9   Next: 43%
Magic:  19/24      EV: 31    Int: 22 (25) God:    Vehumet [**....]
Gold:   355        SH:  0    Dex: 15      Spells: 19/26 levels left

rFire   . . .        w - +1 dagger (venom)
rCold   . . .        (no shield)
rNeg    . . .        a - +0 robe
rPois   .            (no helmet)
rElec   .            y - +0 cloak
rCorr   .            (no gloves)
SInv    .            (no boots)
Will    +....        C - amulet of the acrobat
Stlth   ++           n - ring of willpower
HPRegen 0.27/turn    (no ring)
MPRegen 0.19/turn

%: acrobat
@: acrobatic
A: no striking features
a: Renounce Religion


You were on level 3 of the Abyss.
You worshipped Vehumet.
Vehumet was pleased with you.
You visited 2 branches of the dungeon, and saw 9 of its levels.
You visited the Abyss 1 time.

You collected 355 gold pieces.

Inventory:

Hand Weapons
 w - a +1 dagger of venom (weapon)
Armour
 a - a +0 robe (worn)
 y - a +0 cloak (worn)
Jewellery
 n - a ring of willpower (left hand)
 C - an amulet of the acrobat (around neck)
Wands
 v - a wand of digging (6)
 z - a wand of acid (5)
Scrolls
 c - 2 scrolls of teleportation {unknown}
 f - 3 scrolls of identify {unknown}
 g - 3 scrolls of poison {unknown}
 k - 2 scrolls of enchant armour {unknown}
 l - 2 scrolls of fear {unknown}
 m - a scroll of blinking {unknown}
 o - 2 scrolls of immolation {unknown}
 p - 3 scrolls of vulnerability {unknown}
 q - 2 scrolls of fog {unknown}
 r - 2 scrolls of noise {unknown}
 x - 2 scrolls of silence {unknown}
 B - a scroll of enchant weapon {unknown}
Potions
 b - a potion of magic
 d - 3 potions of attraction {unknown}
 e - a potion of degeneration {unknown}
 h - a potion of curing {unknown}
 i - a potion of mutation {unknown}
 j - a potion of cancellation {unknown}
 s - a potion of flight {unknown}
 t - 3 potions of ambrosia {unknown}
 u - 3 potions of invisibility {unknown}
 A - 2 potions of haste {unknown}


   Skills:
 + Level 8.1 Dodging
 - Level 2.4 Stealth
 + Level 9.0 Spellcasting
 + Level 7.1 Conjurations
 + Level 7.9 Fire Magic


You had 19 spell levels left.
You knew the following spells:

 Your Spells              Type           Power      Damage    Failure   Level
a - Foxfire               Conj/Fire      100%       2x1d9     1%          1
b - Scorch                Fire           88%        2d8       1%          2
c - Flame Wave            Conj/Fire      43%        2d11      3%          4

Your spell library contained the following spells:

 Spells                   Type           Power      Damage    Failure   Level
 Kiss of Death            Conj/Necr      100%       2d13      1%          1
 Magic Dart               Conj           100%       1d8       1%          1
 Searing Ray              Conj           82%        2d7       1%          2
 Inner Flame              Hex/Fire       27%        N/A       4%          3
 Volatile Blastmotes      Fire/Tloc      54%        2d14      4%          3
 Lesser Beckoning         Tloc           18%        N/A       10%         2
 Sublimation of Blood     Necr           9%         N/A       10%         2
 Wereblood                Tmut           9%         N/A       10%         2
 Fulminant Prism          Conj/Hex       12%        3d8       16%         4
 Gell's Gravitas          Tloc           9%         N/A       21%         3
 Teleport Other           Tloc           9%         N/A       21%         3
 Summon Hydra             Summ           4%         N/A       100%        7


Dungeon Overview and Level Annotations

Branches:
Dungeon (8/15)             Temple (1/1) D:4
   Lair: D:8-11

Altars:
Ashenzari
Cheibriados
Dithmenos
Elyvilon
Fedhas
Gozag
Hepliaklqana
Kikubaaqudgha
Makhleb
Nemelex Xobeh
Okawaru
Qazlal
Ru
Sif Muna
Trog
Uskayaw
Vehumet
Wu Jian
Xom
Yredelemnul
Zin
The Shining One

Shops:
D:7 *

Annotations:
D:5 1 runed translucent door, bmj180's ghost, amateur MfIE


Message History

Found a hide-covered altar of Uskayaw.
The neqoxec shouts!
The neqoxec gestures at you.
Something tries to feed on your intellect!
The neqoxec gestures at you.
You feel dopey. Something feeds on your intellect!
The abyss shimmers again as the detected abyssal rune vanishes from your memory.
You open the gate. 2 boggarts come into view.
The boggart shouts!
You hear a loud, deep croak!
A kobold demonologist comes into view. It is wielding a +0 antimagic dagger.
You hear a shout!
Found seven items.
Found a shimmering blue altar of Sif Muna.
Okay, then.
The kobold demonologist casts a spell.
The large abomination attacks as you move away!
The large abomination completely misses you.
A large abomination comes into view.
The large abomination attacks as you move away!
The large abomination completely misses you.
The large abomination attacks as you move away!
The large abomination hits you!
A mana viper comes into view.
The large abomination completely misses you.
The large abomination hits you.
The mana viper hisses angrily.
The mana viper barely misses you.
The large abomination attacks as you move away!
The large abomination barely misses you.
The mana viper bites you!!
You feel your power leaking away.
A raiju comes into view.
The mana viper attacks as you move away!
The mana viper misses you. The mana viper closely misses you.
A vampire comes into view.
The mana viper barely misses you. The mana viper bites you!
You die...

# ## .# .# #.##. #.#
# ## .. ..##### #..
.#. #. ##....
#..##.# .#.##.. ..#
#@#.###.# .......'
#.S3...###.# ..⌠.'
##X.##.#....#....
#...#.X#.3#.#..g...#
.V..#.#.#.g#.
.#.##...# #
#.#....## . 3...####
##..#.#. ###g#.##
...#.## .. ####.#
#.h#. .## ##


You could see 2 large abominations, a mana viper, a sixfirhy (summoned) and a
boggart.

Vanquished Creatures
  Maggie (D:6)
  Eustachio (D:6)
  A steam dragon (D:7)
  A water moccasin (D:6)
  2 sky beasts
  2 ice beasts
  4 ogres
  A phantom (D:5)
  3 bullfrogs
  A gnoll sergeant (D:7)
  A kobold brigand (D:6)
  2 scorpions
  A howler monkey (D:7)
  An electric eel (D:8)
  5 hounds
  3 jellies
  6 orc priests
  A sleepcap (D:7)
  3 orc wizards
  9 gnolls
  6 adders
  2 shadow imps
  3 white imps
  2 ufetubi (D:8)
  2 worms (D:4)
  3 dart slugs
  37 orcs
  6 ball pythons
  6 bats
  8 endoplasms
  A giant cockroach (D:3)
  7 goblins
  6 hobgoblins
  8 jackals
  3 quokkas
  2 frilled lizards
  7 kobolds
  5 rats
163 creatures vanquished.

Vanquished Creatures (others)
  382 foxfires
382 creatures vanquished.

Grand Total: 545 creatures vanquished

Notes
Turn   | Place    | Note
-------+----------+-------------------------------------------
     0 | D:1      | pk666 the Deep Elf Fire Elementalist began the quest for
                  | the Orb.
     0 | D:1      | Reached XP level 1. HP: 10/10 MP: 6/6
   371 | D:1      | Reached XP level 2. HP: 15/15 MP: 5/8
   374 | D:1      | Learned a level 2 spell: Scorch
  1152 | D:1      | Reached XP level 3. HP: 19/19 MP: 5/10
  2105 | D:2      | Identified the +0 buckler of Kleptomania {+Inv Dex+5
                  | Stlth+}
  2436 | D:2      | Reached XP level 4. HP: 24/24 MP: 8/11
  2441 | D:2      | Learned a level 4 spell: Flame Wave
  2919 | D:3      | Reached skill level 4 in Spellcasting
  3041 | D:3      | Reached XP level 5. HP: 28/28 MP: 9/13
  4188 | D:4      | Reached skill level 5 in Spellcasting
  4211 | D:4      | Reached XP level 6. HP: 32/32 MP: 0/15
  4426 | D:4      | Found a staircase to the Ecumenical Temple.
  4502 | Temple   | Entered the Ecumenical Temple
  4502 | Temple   | Noticed a chaos spawn
  4502 | Temple   | Noticed a Brimstone Fiend
  4502 | Temple   | Noticed a Tzitzimitl
  4503 | Temple   | Noticed a Hell Sentinel
  4503 | Temple   | Noticed Gadonumo the pandemonium lord
  4503 | Temple   | Noticed Tyck the pandemonium lord
  4503 | Temple   | Noticed a reaper
  4504 | Temple   | Noticed a chaos spawn
  4505 | Temple   | Noticed Dufih Niosch the pandemonium lord
  4533 | Temple   | Noticed a hellion
  4533 | Temple   | Noticed Yczafaq the pandemonium lord
  4533 | Temple   | Noticed a sixfirhy
  4551 | Temple   | Noticed Keizyst the pandemonium lord
  4552 | Temple   | Noticed a Tzitzimitl
  4565 | Temple   | Noticed a hellion
  4583 | Temple   | Noticed Gaoqoott the pandemonium lord
  4583 | Temple   | Noticed a Tzitzimitl
  4583 | Temple   | Noticed an ice devil
  4584 | Temple   | Became a worshipper of Vehumet
  4838 | D:4      | Found a sparkling altar of Nemelex Xobeh.
  4838 | D:4      | Found a stormy altar of Qazlal.
  4840 | D:4      | Found a snail-covered altar of Cheibriados.
  4843 | D:4      | Found a broken altar of Ashenzari.
  4844 | D:4      | Found an iron altar of Okawaru.
  5148 | D:5      | Entered Level 5 of the Dungeon
  5249 | D:5      | Reached skill level 5 in Fire Magic
  5347 | D:5      | Noticed an ice beast
  5351 | D:5      | Killed an ice beast
  5352 | D:5      | Reached skill level 5 in Dodging
  5352 | D:5      | Reached XP level 7. HP: 36/36 MP: 11/17
  5565 | D:5      | Found a runed translucent door.
  5565 | D:5      | Noticed bmj180's ghost (amateur MfIE)
  5756 | D:5      | Reached skill level 6 in Spellcasting
  6074 | D:6      | Reached * piety under Vehumet
  6074 | D:6      | Offered knowledge of Shock by Vehumet.
  6151 | D:6      | Noticed Maggie
  6160 | D:6      | Killed Maggie
  6161 | D:6      | Reached skill level 7 in Spellcasting
  6161 | D:6      | Reached skill level 5 in Conjurations
  6161 | D:6      | Reached XP level 8. HP: 41/41 MP: 4/20
  6477 | D:6      | Noticed Eustachio
  6548 | D:6      | Killed Eustachio
  6932 | D:6      | Reached skill level 8 in Spellcasting
  7356 | D:6      | Offered knowledge of Kiss of Death by Vehumet.
  7486 | D:7      | Reached ** piety under Vehumet
  7487 | D:7      | Reached XP level 9. HP: 45/45 MP: 19/23
  7636 | D:7      | Found Asofecie's Assorted Antiques.
  7764 | D:7      | Found a sacrificial altar of Ru.
  8266 | D:7      | Found a glowing golden altar of the Shining One.
  8795 | D:8      | Reached skill level 9 in Spellcasting
  8922 | D:8      | Noticed a wizard
  8926 | Abyss:3  | Cast into level 3 of the Abyss (a wizard)
  8987 | Abyss:3  | Found a hide-covered altar of Uskayaw.
  9007 | Abyss:3  | Noticed a large abomination
  9008 | Abyss:3  | Found a shimmering blue altar of Sif Muna.
  9008 | Abyss:3  | Noticed a kobold demonologist
  9010 | Abyss:3  | Noticed a sixfirhy
  9013 | Abyss:3  | Noticed a large abomination
  9017 | Abyss:3  | Noticed a mana viper
  9025 | Abyss:3  | Slain by a mana viper

Illustrated notes

Levels and vault maps discovered:
D:1:      dpeg_arrival_another_circle, layout_basic, st_stairs_6
D:2:      minmay_chambers_of_ones, layout_loops_corners, serial_glass,
          glass_columns_b, glass_columns_c, minmay_strange_pillars,
          minmay_strange_pillars
D:3:      layout_loops_ring
D:4:      layout_loops_ring, grunt_temple_overflow_open, temple_fountains
D:5:      layout_cave_pods, gammafunk_ghost_grave, minmay_fire_ice_demons
D:6:      layout_gridville, uniq_maggie, uniq_eustachio
D:7:      layout_loops_ring, nicolae_ru_sacrificial_ziggurat, tso_metal_star,
          serial_shops, nicolae_shop_trees
D:8:      cheibrodos_wizards_tower, layout_basic, serial_demonic,
          serial_demonic_c, serial_demonic_a, serial_demonic_d,
          serial_demonic_e, serial_demonic_e, serial_demonic_b,
          serial_demonic_c, serial_demonic_f, serial_demonic_c, serial_demonic_c
Temple:   nicolae_temple_panitentiary
Abyss:3:  base: Temple, minivault_23, evilmike_abyss_exit_17, minivault_13,
          hangedman_summoners_spam, nicolae_abyss_rune_left_handed,
          hangedman_summoners_spam, evilmike_abyss_exit_1

Skill      XL: |  1  2  3  4  5  6  7  8  9 |
---------------+----------------------------+-----
Dodging        | 3 4 5 6 7 8 |  8.1
Conjurations   | 2 3 4 5 6 7 |  7.1
Fire Magic     | 4 5 6 7 |  7.9
Spellcasting   | 4 5 7 8 9 |  9.0
Stealth        | |  2.4

Action                     |  1- 3 |  4- 6 |  7- 9 || total
---------------------------+-------+-------+-------++-------
  Melee: Unarmed           |    14 |       |       ||    14
   Cast: Foxfire           |    87 |    42 |   112 ||   241
         Scorch            |    19 |    49 |    68 ||   136
         Flame Wave        |       |       |     2 ||     2
 Armour: Robe              |     6 |       |     4 ||    10
  Dodge: Dodged            |    39 |     5 |    59 ||   103

Table legend: (Time is in decaauts)
 A = Elapsed time spent in this place.
 B = Non-inter-level travel time spent in this place.
 C = Inter-level travel time spent in this place.
 D = Time resting spent in this place.
 E = Time spent auto-exploring this place.
 F = Levels seen in this place.
 G = Mean time per level.
                   A        B        C        D        E       F      G
               +--------+--------+--------+--------+--------+-----+--------+
         Total |   9029 |   8731 |    298 |    690 |   6767 |  10 |  902.9 |
       Dungeon |   8804 |   8525 |    279 |    690 |   6675 |   8 | 1100.5 |
        Temple |    125 |    106 |     19 |      0 |     85 |   1 |  125.0 |
         Abyss |     98 |     98 |      0 |      0 |      7 |   1 |   98.0 |
               +--------+--------+--------+--------+--------+-----+--------+

Top non-repeatable levels by time:
     D:1: 1563 daAuts
     D:6: 1309 daAuts
     D:2: 1278 daAuts
     D:3: 1131 daAuts
     D:4: 1054 daAuts
     D:7: 978 daAuts
     D:5: 918 daAuts
     D:8: 570 daAuts
  Temple: 125 daAuts
 Abyss:3: 98 daAuts
